 Dungeon Crawl Stone Soup version 0.31-a0-240-gb923e448b6 (webtiles) character file.

Game seed: 8959410582439205588

200 Nattfarinn the Changeling (level 5, -4/34 HPs)
             Began as an Octopode Shapeshifter on July 12, 2023.
             Slain by an iguana (9 damage)
             ... on level 5 of the Dungeon.
             The game lasted 00:04:06 (3698 turns).

Nattfarinn the Changeling (Octopode Shapeshifter)   Turns: 3698, Time: 00:04:06

Health: -4/34      AC: -7    Str: 16    XL:     5   Next: 79%
Magic:  5/5        EV: 13    Int: 11    God:
Gold:   207        SH:  5    Dex: 12    Spells: 4/4 levels left

rFire   . .          .
                       - Unarmed
rCold   . . .        (no shield)
rNeg    . . .        (helmet currently unavailable)
rPois   .            v - amulet of reflection
rElec   .            (no ring)
rCorr   .            (no ring)
SInv    .            (no ring)
Will    .....        (no ring)
Stlth   ++           (no ring)
HPRegen 0.25/turn    (no ring)
MPRegen 0.09/turn    (no ring)
                     (no ring)

%: reflection
@: beast-form, corroded
A: beast (slay +3), almost no armour, amphibious, 8 rings, camouflage 1,
gelatinous body 1, (nimble swimmer 1), tentacles
a: no special abilities


You were on level 5 of the Dungeon.
You were a hulking beast.
You visited 1 branch of the dungeon, and saw 5 of its levels.

You collected 207 gold pieces.

Inventory:

Jewellery
 s - an amulet of faith
 v - an amulet of reflection (around mantle)
Talismans
 b - a beast talisman
Wands
 q - a wand of iceblast (6)
Scrolls
 d - a scroll of brand weapon {unknown}
 f - a scroll of blinking {unknown}
 g - 2 scrolls of teleportation
 h - a scroll of enchant weapon {unknown}
 j - a scroll of fog {unknown}
 l - a scroll of fear
 o - 2 scrolls of poison {unknown}
 r - a scroll of identify {unknown}
 u - a scroll of vulnerability {unknown}
 w - a scroll of immolation {unknown}
Potions
 a - 2 potions of lignification
 c - a potion of berserk rage {unknown}
 e - a potion of ambrosia {unknown}
 i - 2 potions of enlightenment {unknown}
 k - a potion of degeneration {unknown}
 m - 2 potions of curing {unknown}
 n - a potion of brilliance {unknown}
 p - a potion of invisibility {unknown}
 t - a potion of heal wounds {unknown}


   Skills:
 - Level 2.0 Fighting
 - Level 2.0 Dodging
 + Level 4.3 Unarmed Combat
 - Level 4.3 Shapeshifting


You had 4 spell levels left.
You didn't know any spells.
Your spell library contained the following spells:

 Spells                   Type           Power      Damage    Failure   Level
 Slow                     Hex            0%         N/A       34%         1
 Static Discharge         Conj/Air       0%         2-2/arc   47%         2
 Wereblood                Tmut           0%         N/A       47%         2
 Confusing Touch          Hex            0%         N/A       71%         3
 Dazzling Flash           Conj/Hex       0%         N/A       71%         3
 Vampiric Draining        Necr           0%         2d6       71%         3
 Airstrike                Air            0%         2d(0-16)  98%         4
 Summon Lightning Spire   Summ/Air       0%         N/A       98%         4
 Agony                    Necr           0%         N/A       100%        5
 Irradiate                Conj/Tmut      0%         3d11      100%        5
 Silence                  Hex/Air        0%         N/A       100%        5


Dungeon Overview and Level Annotations

Branches:
Dungeon (5/15)
 Temple: D:4-7

Altars:
Elyvilon
Fedhas

Shops:
D:4 [


Innate Abilities, Weirdness & Mutations

You are a hulking beast.
Your limbs bulge with bestial killing power. (Slay +3)
You cannot wear most types of armour.
You are amphibious.
You can wear up to eight rings at the same time.
Your skin changes colour to match your surroundings (Stealth+).
Your rubbery body absorbs attacks. (AC +1, EV +1)
((You are camouflaged when in or above water. (Stealth+)))
You have tentacles for arms and can constrict up to eight enemies at once.


Message History

As you read the scroll labelled BIKHUY LUEFA, it crumbles to dust.
You feel strangely unstable.
It was a scroll of teleportation.
You block the jelly's attack.
The black bear misses you. x2; The black bear claws you.
Your surroundings suddenly seem different.
An iguana comes into view.
Found a pink potion.
The iguana hisses angrily.
You see here a pink potion.
As you read the scroll labelled GIQIVV PYLOMIA, it crumbles to dust.
You assume a fearsome visage.
The iguana looks frightened!
It was a scroll of fear.
You start resting.
An iguana is nearby!
An iguana is nearby!
You tentacle-slap the iguana.
Your attack snaps the iguana out of its fear.
You grab the iguana.
You squeeze the iguana, but do no damage.
The iguana is lightly wounded.
You constrict the iguana. The iguana misses you.
You tentacle-slap the iguana but do no damage.
The iguana is moderately wounded.
You constrict the iguana. The iguana bites you.
You tentacle-slap the iguana.
You squeeze the iguana, but do no damage.
The iguana is heavily wounded.
You constrict the iguana. The iguana bites you!
You tentacle-slap the iguana but do no damage.
The iguana is severely wounded.
You constrict the iguana, but do no damage.
The iguana bites you!
* * * LOW HITPOINT WARNING * * *
You tentacle-slap the iguana but do no damage.
The iguana is severely wounded.
You constrict the iguana. You completely miss the iguana.
The iguana is severely wounded.
You constrict the iguana. The iguana bites you!
You die...

########## ........#
##### #.......# .
#...# #.......# ..
#.#.# #.......#...
##.#.# #...........
...#.# #....l..#
####.# #...h...#
.....# #.!.....#
....## #.......#
....# #.......#
>...#################
............
............
...........
...........


You could see an iguana.

Vanquished Creatures
  Terence (D:3)
  2 iguanas (D:4)
  A gnoll (D:1)
  5 adders
  5 worms
  2 orcs (D:4)
  5 ball pythons
  9 endoplasms
  2 giant cockroaches
  2 goblins
  3 hobgoblins
  A quokka (D:1)
  A bat (D:1)
  6 frilled lizards
  8 kobolds
  9 rats
62 creatures vanquished.

Notes
Turn   | Place    | Note
-------+----------+-------------------------------------------
     0 | D:1      | Nattfarinn the Octopode Shapeshifter began the quest for
                  | the Orb.
     0 | D:1      | Reached XP level 1. HP: 14/14 MP: 1/1
    18 | D:1      | Reached XP level 2. HP: 13/19 MP: 2/2
   810 | D:1      | Reached XP level 3. HP: 24/24 MP: 3/3
  1264 | D:2      | Reached XP level 4. HP: 23/29 MP: 4/4
  1818 | D:3      | Noticed Terence
  1826 | D:3      | Killed Terence
  1910 | D:3      | Found a faded altar of an unknown god.
  2026 | D:3      | Reached XP level 5. HP: 30/34 MP: 5/5
  2256 | D:3      | Found a white marble altar of Elyvilon.
  3027 | D:4      | Found Pizucas's Armour Shoppe.
  3049 | D:4      | Identified the +5 ring mail "Unken" {rN+ Regen+ Dex-2}
  3134 | D:4      | Found a blossoming altar of Fedhas.
  3340 | D:5      | Entered Level 5 of the Dungeon
  3340 | D:5      | Noticed a phantom
  3542 | D:5      | Noticed an ogre
  3558 | D:5      | Noticed an ice beast
  3674 | D:5      | Noticed a black bear
  3698 | D:5      | Slain by an iguana

Illustrated notes

Levels and vault maps discovered:
D:1:      dpeg_arrival_long_road, layout_basic, chequers_serial_rivers_marsh
D:2:      layout_basic
D:3:      layout_loops_ring, lemuel_crystal_altar,
          hellmonk_ecumenical_altar_arch_garden, minmay_misc_feat_ornament,
          lexackson_kobold_supper, uniq_terence
D:4:      layout_basic, kennysheep_little_box, serial_shops, nicolae_square_shop
D:5:      layout_basic, xom_teletrap_fun, mainiacjoe_overflow_catwalk,
          kennysheep_generic_room_7

Skill      XL: |  1  2  3  4  5 |
---------------+----------------+-----
Shapeshifting  | 4 |  4.3
Unarmed Combat | 3 4 |  4.3
Fighting       | |  2.0
Dodging        | |  2.0

Action                     |  1- 3 |  4- 6 || total
---------------------------+-------+-------++-------
  Melee: Unarmed           |    47 |    74 ||   121
         Constrict         |    13 |    19 ||    32
         Tentacles         |    10 |    16 ||    26
         Punch             |       |     2 ||     2
    Use: Scroll            |       |     2 ||     2
   Stab: Sleeping          |     5 |    11 ||    16
 Armour: Skin              |     2 |     3 ||     5
  Dodge: Dodged            |    25 |    23 ||    48
  Block: Other             |       |     1 ||     1

Table legend: (Time is in decaauts)
 A = Elapsed time spent in this place.
 B = Non-inter-level travel time spent in this place.
 C = Inter-level travel time spent in this place.
 D = Time resting spent in this place.
 E = Time spent auto-exploring this place.
 F = Levels seen in this place.
 G = Mean time per level.
                   A        B        C        D        E       F      G
               +--------+--------+--------+--------+--------+-----+--------+
         Total |   3691 |   3431 |    260 |     98 |   2866 |   5 |  738.2 |
       Dungeon |   3691 |   3431 |    260 |     98 |   2866 |   5 |  738.2 |
               +--------+--------+--------+--------+--------+-----+--------+

Top non-repeatable levels by time:
     D:4: 1013 daAuts
     D:1: 933 daAuts
     D:3: 892 daAuts
     D:2: 650 daAuts
     D:5: 201 daAuts
